 Dungeon Crawl Stone Soup version 0.28-a0-119-ga52ba8600a (webtiles) character file.

Game seed: 4277678227355440756

73 Ezendos the Skirmisher (level 4, -7/46 HPs)
             Began as an Octopode Fighter on Aug 13, 2021.
             Was an Initiate of Hepliaklqana.
             Mangled by Grinder (9 damage)
             ... on level 3 of the Dungeon.
             The game lasted 00:02:29 (2203 turns).

Ezendos the Skirmisher (Octopode Fighter)           Turns: 2203, Time: 00:02:29

Health: -7/46      AC:  1    Str: 15    XL:     4   Next: 27%
Magic:  4/4        EV: 11    Int: 11    God:    Hepliaklqana [......]
Gold:   161        SH:  8    Dex: 11    Spells: 3/3 levels left

rFire   . . .      SeeInvis .   e - +0 dagger (drain)
rCold   . . .      Faith    .   b - +0 kite shield
rNeg    . . .      Spirit   .   (helmet restricted)
rPois   .          Reflect  .   (no amulet)
rElec   .          Harm     .   (no ring)
rCorr   .          Rampage  .   (no ring)
Will    .....                   (no ring)
Stlth   ..........              (no ring)
HPRegen 0.15/turn               (no ring)
MPRegen 0.09/turn               (no ring)
                                (no ring)
                                (no ring)

@: mighty, berserking, very quick
A: almost no armour, amphibious, 8 rings, camouflage 1, gelatinous body 1,
(nimble swimmer 1), tentacles
a: Renounce Religion


You were on level 3 of the Dungeon.
You worshipped Hepliaklqana.
Hepliaklqana was noncommittal.
You visited 1 branch of the dungeon, and saw 3 of its levels.

You collected 161 gold pieces.

Inventory:

Hand Weapons
 a - a +0 long sword
 e - a +0 dagger of draining (weapon)
Missiles
 m - 4 atropa-tipped darts (quivered)
Armour
 b - a +0 kite shield (worn)
Jewellery
 d - a ring of positive energy
Scrolls
 f - 2 scrolls of amnesia {unknown}
 g - 2 scrolls of identify {unknown}
 i - 2 scrolls of teleportation {unknown}
 j - a scroll of fear {unknown}
 l - a scroll of magic mapping {unknown}
 o - a scroll of summoning {unknown}
Potions
 h - a potion of mutation {unknown}
 k - a potion of flight {unknown}


   Skills:
 + Level 3.5 Fighting
 + Level 2.6 Long Blades
 - Level 3.0 Dodging
 - Level 3.0 Stealth
 + Level 3.4 Shields


You had 3 spell levels left.
You didn't know any spells.
Your spell library was empty.

Dungeon Overview and Level Annotations

Branches:
Dungeon (3/15)

Altars:
Gozag
Hepliaklqana
Zin

Annotations:
D:3 Grinder


Innate Abilities, Weirdness & Mutations

You cannot wear most types of armour.
You are amphibious.
You can wear up to eight rings at the same time.
Your skin changes colour to match your surroundings (Stealth+).
Your rubbery body absorbs attacks. (AC +1, EV +1)
((You are camouflaged near water. (Stealth+)))
You have tentacles for arms and can constrict up to eight enemies at once.


Message History

Press: ? - help, Q - select action Shift-Dir - straight line, f - Grinder
Aim: Grinder (52% to hit, chance to blind on hit: 35%)
You throw an atropa-tipped dart.
The atropa-tipped dart barely misses Grinder.
Grinder misses you.
Throw: 5 darts (atropa)
Press: ? - help, Q - select action Shift-Dir - straight line, f/p - Grinder
Aim: Grinder (52% to hit, chance to blind on hit: 35%)
You throw an atropa-tipped dart.
The atropa-tipped dart barely misses Grinder.
Grinder gestures at you.
You suddenly lose the ability to move!
Grinder hits you. x3
You writhe in agony.
Grinder hits you. Grinder gestures at you. You resist with significant effort.
You can move again.
Unknown command.
Unknown command.
Unknown command.
Unknown command.
Unknown command.
You feel very mighty all of a sudden. Grinder hits you.
You hit Grinder. Your grab misses Grinder. Your squeeze misses Grinder.
Grinder is lightly wounded.
Grinder says, "FISH!"
Grinder hits you.
* * * LOW HITPOINT WARNING * * *
You writhe in agony.
* * * LOW HITPOINT WARNING * * *
You barely miss Grinder. You grab Grinder.
Grinder is lightly wounded.
You constrict Grinder. You block Grinder's attack.
It was a potion of berserk rage.
A red film seems to cover your vision as you go berserk!
You feel yourself moving faster!
You feel mighty!
You constrict Grinder. Grinder hits you!
You die...

##.#.#........###.#
#.......###..#...#
#.......# #..#.###
#.......# #....<##
#.......####+#.###
#.......#......# #
#.......#.....## #
#.#######.....# #
#@# ####### #5#
#......# #.....ยง#
#......# #......#
#......# #.(.....
#########


You could see Grinder.

Vanquished Creatures
  2 adders (D:2)
  3 dart slugs
  An orc (D:3)
  6 endoplasms
  5 goblins
  6 hobgoblins
  4 jackals (D:1)
  5 ball pythons
  3 bats
  4 kobolds (D:2)
  5 rats
44 creatures vanquished.

Notes
Turn   | Place    | Note
-------+----------+-------------------------------------------
     0 | D:1      | Ezendos the Octopode Fighter began the quest for the Orb.
     0 | D:1      | Reached XP level 1. HP: 16/16 MP: 1/1
    31 | D:1      | Reached skill level 1 in Stealth
   125 | D:1      | Reached XP level 2. HP: 21/21 MP: 2/2
   806 | D:2      | Reached XP level 3. HP: 25/26 MP: 3/3
  1445 | D:2      | Reached XP level 4. HP: 28/31 MP: 4/4
  1568 | D:3      | Found a hazy altar of Hepliaklqana.
  1682 | D:3      | Became a worshipper of Hepliaklqana the Forgotten
  1750 | D:3      | Found an opulent altar of Gozag.
  1751 | D:3      | Found a glowing silver altar of Zin.
  1842 | D:3      | Found a faded altar of an unknown god.
  2191 | D:3      | Noticed Grinder
  2194 | D:3      | Paralysed by Grinder for 6 turns
  2201 | D:3      | HP: 1/31 [Grinder (6)]
  2203 | D:3      | Mangled by Grinder

Illustrated notes

Levels and vault maps discovered:
D:1:      grunt_arrival_lava_bath, layout_basic
D:2:      layout_basic, wad_floor_pattern_2
D:3:      layout_basic, grunt_temple_overflow_gold_and_silver,
          nicolae_hepliaklqana_hazy_memory,
          shapermc_ecumenical_altar_totnotflames, uniq_grinder

Skill      XL: |  1  2 |
---------------+-------+-----
Stealth        | 2 3 |  3.0
Fighting       | |  3.5
Long Blades    | |  2.6
Dodging        | |  3.0
Shields        | |  3.4

Action                   |  1- 3 |  4- 6 || total
-------------------------+-------+-------++-------
Melee: Long sword        |     3 |       ||     3
       Tentacles         |     9 |     3 ||    12
       Constrict         |    12 |     4 ||    16
       Dagger            |    49 |    18 ||    67
Throw: Dart              |       |     2 ||     2
  Use: Potion            |       |     2 ||     2
 Stab: Sleeping          |    11 |     4 ||    15
Armor: Skin              |     4 |       ||     4
Dodge: Dodged            |     9 |     3 ||    12
Block: Kite shield       |    25 |     6 ||    31

Table legend: (Time is in decaauts)
 A = Elapsed time spent in this place.
 B = Non-inter-level travel time spent in this place.
 C = Inter-level travel time spent in this place.
 D = Time resting spent in this place.
 E = Time spent auto-exploring this place.
 F = Levels seen in this place.
 G = Mean time per level.
                   A        B        C        D        E       F      G
               +--------+--------+--------+--------+--------+-----+--------+
         Total |   2215 |   2110 |    105 |      0 |   1755 |   3 |  738.3 |
       Dungeon |   2215 |   2110 |    105 |      0 |   1755 |   3 |  738.3 |
               +--------+--------+--------+--------+--------+-----+--------+

Top non-repeatable levels by time:
     D:2: 807 daAuts
     D:1: 770 daAuts
     D:3: 637 daAuts
